 Dungeon Crawl Stone Soup version 0.31-a0-819-gf6de2f5ab6 (webtiles) character file.

Game seed: 53706468820169857

18 dialectric the Gusty (level 2, 0/17 HPs)
             Began as an Octopode Air Elementalist on Sept 24, 2023.
             Slain by a worm (7 damage)
             ... on level 2 of the Dungeon.
             The game lasted 00:01:00 (771 turns).

dialectric the Gusty (Octopode Air Elementalist)     Turns: 771, Time: 00:01:01

Health: 0/17       AC:  1    Str:  7    XL:     2   Next: 66%
Magic:  5/5        EV: 13    Int: 17    God:
Gold:   38         SH:  0    Dex: 12    Spells: 4/5 levels left

rFire   . . .        d - +0 dagger
rCold   . . .        (no shield)
rNeg    + . .        (helmet restricted)
rPois   .            (no amulet)
rElec   .            c - ring of positive energy
rCorr   .            (no ring)
SInv    .            (no ring)
Will    .....        (no ring)
Stlth   +++          (no ring)
HPRegen 0.22/turn    (no ring)
MPRegen 0.09/turn    (no ring)
                     (no ring)

%: no passive effects
@: no status effects
A: almost no armour, amphibious, 8 rings, camouflage 1, gelatinous body 1,
(nimble swimmer 1), tentacles
a: no special abilities


You were on level 2 of the Dungeon.
You visited 1 branch of the dungeon, and saw 2 of its levels.

You collected 38 gold pieces.

Inventory:

Hand Weapons
 d - a +0 dagger (weapon)
Jewellery
 c - a ring of positive energy (left tentacle)
Scrolls
 f - a scroll of amnesia {unknown}
 g - a scroll of torment {unknown}
Potions
 a - a potion of magic
 b - a potion of curing {unknown}
 e - a potion of cancellation {unknown}


   Skills:
 + Level 2.1 Dodging
 + Level 3.1 Stealth
 + Level 2.1 Spellcasting
 + Level 1.0 Conjurations
 + Level 3.5 Air Magic


You had 4 spell levels left.
You knew the following spells:

 Your Spells              Type           Power      Damage    Failure   Level
a - Shock                 Conj/Air       36%        1d5       8%          1

Your spell library contained the following spells:

 Spells                   Type           Power      Damage    Failure   Level
 Static Discharge         Conj/Air       18%        2-3/arc   12%         2
 Swiftness                Air            13%        N/A       14%         3
 Sandblast                Erth           2%         2d4       19%         1
 Passwall                 Tmut/Erth      0%         N/A       28%         2
 Airstrike                Air            6%         2d(1-17)  41%         4
 Stone Arrow              Conj/Erth      6%         3d7       43%         3
 Brom's Barrelling Bould  Conj/Erth      3%         2d3       83%         4


Dungeon Overview and Level Annotations

Branches:
Dungeon (2/15)

Altars:


Innate Abilities, Weirdness & Mutations

You cannot wear most types of armour.
You are amphibious.
You can wear up to eight rings at the same time.
Your skin changes colour to match your surroundings (Stealth+).
Your rubbery body absorbs attacks. (AC +1, EV +1)
((You are camouflaged when in or above water. (Stealth+)))
You have tentacles for arms and can constrict up to eight enemies at once.


Message History

The bat is moderately wounded.
The bat closely misses you.
You barely miss the bat. You grab the bat. Your squeeze misses the bat.
The bat is moderately wounded.
You constrict the bat, but do no damage.
The bat hits you.
The bat struggles to escape constriction.
The bat escapes!
Found 4 large rocks.
The bat hits you.
A worm comes into view.
Found a stone staircase leading up.
The bat closely misses you.
Found a scroll labelled MUNNIGIONT.
Found an escape hatch in the ceiling.
The bat closely misses you. The bat hits you.
You hit the bat. You grab the bat. You squeeze the bat.
You kill the bat!
The worm bites you.
You hit the worm. You grab the worm. You squeeze the worm, but do no damage.
The worm is lightly wounded.
You constrict the worm. The worm closely misses you.
You hit the worm but do no damage.
The worm is lightly wounded.
You constrict the worm, but do no damage.
You hit the worm.
The worm is moderately wounded.
You constrict the worm. The worm bites you.
You are too injured to fight recklessly!
You are too injured to fight recklessly!
You are too injured to fight recklessly!
You are too injured to fight recklessly!
You are too injured to fight recklessly!
You are too injured to fight recklessly!
You are too injured to fight recklessly!
You hit the worm.
The worm is heavily wounded.
You constrict the worm. You hit the worm. You squeeze the worm.
The worm is almost dead.
You constrict the worm, but do no damage.
The worm bites you!
You die...

#.#####.# #.##..#.#
#.##..#.#
#.#.....####
#.#.#......####
#.............######
###.#.###........<.#
####..†.............#
..##............@w..#
..##.#.##..........?#
.............†...(..#
#.###.#.#.#+#....####
#.#................#
#.#.#.#.#.#.#.####.#
..#.#.#.#.#.#.# ...
..#.#.#.#.# #.# ##
).....#.#.. #<#


You could see a worm.

Vanquished Creatures
  A worm (D:2)
  3 endoplasms
  2 hobgoblins (D:1)
  A kobold (D:2)
  A quokka (D:2)
  2 ball pythons
  3 bats
  A rat (D:1)
14 creatures vanquished.

Notes
Turn   | Place    | Note
-------+----------+-------------------------------------------
     0 | D:1      | dialectric the Octopode Air Elementalist began the quest
                  | for the Orb.
     0 | D:1      | Reached XP level 1. HP: 11/11 MP: 3/3
   484 | D:1      | Reached XP level 2. HP: 17/17 MP: 3/5
   771 | D:2      | Slain by a worm

Illustrated notes

Levels and vault maps discovered:
D:1:      dpeg_arrival_pits, layout_loops_ring
D:2:      minmay_spotlight, layout_basic

Skill      XL: |  1  2 |
---------------+-------+-----
Stealth        | 3 |  3.1
Dodging        | |  2.1
Spellcasting   | |  2.1
Conjurations   | |  1.0
Air Magic      | |  3.5

Action                     || total
---------------------------++-------
  Melee: Dagger            ||    34
         Constrict         ||     8
         Tentacles         ||     9
   Cast: Shock             ||     4
   Stab: Sleeping          ||     6
         Distracted        ||     1
 Armour: Skin              ||    12
  Dodge: Dodged            ||    19

Table legend: (Time is in decaauts)
 A = Elapsed time spent in this place.
 B = Non-inter-level travel time spent in this place.
 C = Inter-level travel time spent in this place.
 D = Time resting spent in this place.
 E = Time spent auto-exploring this place.
 F = Levels seen in this place.
 G = Mean time per level.
                   A        B        C        D        E       F      G
               +--------+--------+--------+--------+--------+-----+--------+
         Total |    769 |    718 |     51 |      4 |    594 |   2 |  384.5 |
       Dungeon |    769 |    718 |     51 |      4 |    594 |   2 |  384.5 |
               +--------+--------+--------+--------+--------+-----+--------+

Top non-repeatable levels by time:
     D:1: 616 daAuts
     D:2: 153 daAuts
